 Dungeon Crawl Stone Soup version 0.30-a0-1094-g860fb061e7 (webtiles) character file.

Game seed: 1958816684297013252

38789 Demosthentine the Protected (level 13, -4/95 HPs)
             Began as a Demonspawn Gladiator on Apr 18, 2023.
             Was an Elder of Hepliaklqana.
             Slain by a spriggan defender simulacrum (10 damage)
             ... in an ice cave.
             The game lasted 00:18:33 (10881 turns).

Demosthentine the Protected (Demonspawn Gladiator) Turns: 10881, Time: 00:18:34

Health: -4/95      AC: 12    Str: 16    XL:     13   Next: 65%
Magic:  16/16      EV: 17    Int: 11    God:    Hepliaklqana [****..]
Gold:   1223       SH:  6    Dex: 17    Spells: 12/12 levels left

rFire   . . .      SeeInvis .    y - +3 trident (freeze)
rCold   + + .      Faith    .    v - +0 buckler
rNeg    . . .      Spirit   .    h - +0 troll leather armour {Pargi}
rPois   .          Reflect  .    (helmet restricted)
rElec   .          Rampage  .    p - scarf {rC+ rF+}
rCorr   .                        t - +0 pair of gloves
Will    .....                    G - +0 pair of boots
Stlth   +                        g - amulet of regeneration
HPRegen 1.95/turn                I - ring of ice
MPRegen 0.15/turn                (no ring)

@: no status effects
A: reduced essence, horns 2, yellow scales 2, spiny 2
a: Renounce Religion, Recall Ancestor, Ancestor Identity, Transference, Idealise


You were in an ice cave.
You worshipped Hepliaklqana.
Hepliaklqana was greatly pleased with you.
You visited 2 branches of the dungeon, and saw 15 of its levels.
You also visited: Bailey and Ice Cave.

You collected 1275 gold pieces.
You spent 52 gold pieces at shops.

Inventory:

Hand Weapons
 y - a +3 trident of freezing (weapon)
 K - a +3 vampiric trident
Missiles
 d - 2 throwing nets (quivered)
 e - 8 javelins
 H - 4 silver javelins
Armour
 h - a +0 troll leather armour (worn) {Pargi}
 p - a scarf of resistance (worn)
 t - a +0 pair of gloves (worn)
 v - a +0 buckler (worn)
 G - a +0 pair of boots (worn)
Jewellery
 g - an amulet of regeneration (around neck)
 I - a ring of ice (left hand)
Wands
 m - a wand of digging (4)
 o - a wand of iceblast (16)
 q - a wand of mindburst (21)
 u - a wand of flame (4)
 w - a wand of polymorph (5)
 z - a wand of charming (7)
 C - a wand of acid (6)
Scrolls
 c - 3 scrolls of teleportation
 j - 4 scrolls of blinking
 l - 3 scrolls of enchant armour
 r - 2 scrolls of enchant weapon
 J - 3 scrolls of amnesia
 L - a scroll of identify
Potions
 a - 4 potions of magic
 b - 6 potions of haste
 f - 3 potions of resistance
 i - 5 potions of flight
 k - 6 potions of curing
 n - 5 potions of mutation
 s - 2 potions of ambrosia
 x - 3 potions of attraction
 A - 10 potions of heal wounds
 B - 2 potions of invisibility
 D - 3 potions of might
 E - a potion of cancellation
 F - a potion of brilliance


   Skills:
 + Level 11.4 Fighting
 + Level 10.6 Polearms
 - Level 1.7 Throwing
 - Level 13.0 Armour
 + Level 10.6 Dodging
 - Level 7.7 Shields
 + Level 5.2 Invocations


You had 12 spell levels left.
You didn't know any spells.
Your spell library contained the following spells:

 Spells                   Type           Power      Damage    Failure   Level
 Apportation              Tloc           0%         N/A       45%         1
 Beastly Appendage        Tmut           0%         N/A       45%         1
 Cigotuvi's Dreadful Rot  Necr/Pois/Air  0%         N/A       61%         2
 Ensorcelled Hibernation  Hex/Ice        0%         N/A       61%         2
 Passwall                 Tmut/Erth      0%         N/A       61%         2
 Wereblood                Tmut           0%         N/A       61%         2
 Ignite Poison            Fire/Tmut/Pois 0%         N/A       83%         3
 Swiftness                Air            0%         N/A       83%         3
 Summon Ice Beast         Ice/Summ       0%         N/A       99%         4
 Alistair's Intoxication  Tmut/Pois      0%         N/A       100%        5
 Freezing Cloud           Conj/Ice/Air   0%         6-21      100%        5
 Irradiate                Conj/Tmut      0%         3d11      100%        5
 Summon Mana Viper        Hex/Summ       0%         N/A       100%        5
 Monstrous Menagerie      Summ           0%         N/A       100%        7


Dungeon Overview and Level Annotations

Branches:
Dungeon (14/15)            Temple (1/1) D:4            Lair (0/5) D:11
    Orc (0/2) D:10         Vaults (0/5) D:13         Bailey (visited)
  IceCv (1/1)

Altars:
Ashenzari
Cheibriados
Dithmenos
Fedhas
Gozag
Hepliaklqana
Kikubaaqudgha
Makhleb
Nemelex Xobeh
Okawaru
Qazlal
Ru
Sif Muna
Trog
Uskayaw
Vehumet
Wu Jian
Yredelemnul

Shops:
D:2 !   D:6 (   D:8 (   D:9 !

Annotations:
Temple 2 transporters


Innate Abilities, Weirdness & Mutations

Your life essence is reduced to manifest your ancestor. (-10% HP)
You have a pair of horns on your head.
You are mostly covered in yellow scales. (AC +3)
You are mostly covered in sharp spines.


Message History

The spriggan defender simulacrum hits you.
The spriggan defender simulacrum freezes you!
You resist.
Decima hits the minotaur simulacrum with a +0 dagger of draining.
You are too injured to fight recklessly!
Unknown command.
You are too injured to fight recklessly!
Unknown command.
You are too injured to fight recklessly!
Unknown command.
You are too injured to fight recklessly!
Unknown command.
You are too injured to fight recklessly!
Unknown command.
You are too injured to fight recklessly!
Unknown command.
The spriggan defender simulacrum hits Decima but does no damage.
Decima gestures at the minotaur simulacrum while chanting.
The minotaur simulacrum resists with significant effort.
Unknown command.
The spriggan defender simulacrum attacks as you move away!
The spriggan defender simulacrum is struck by your spines.
The spriggan defender simulacrum hits you!
The spriggan defender simulacrum freezes you!
You resist.
* * * LOW HITPOINT WARNING * * *
You block the spriggan defender simulacrum's attack.
Something closely misses Decima.
Something hits Decima.
A minotaur simulacrum comes into view.
You closely miss the spriggan defender simulacrum.
You headbutt the spriggan defender simulacrum.
The spriggan defender simulacrum is severely damaged.
The dire elephant simulacrum tramples Decima!!
Decima holds their ground!
The dire elephant simulacrum trunk-slaps Decima but does no damage.
The spriggan defender simulacrum hits you!
* * * LOW HITPOINT WARNING * * *
The spriggan defender simulacrum freezes you!
You resist.
You die...

######.....##
##°§☼ ##...##
#§#§§. #...##
°§§§§ ##...#
#°§§###...#
#°§§☼#...##
#§.....##
#☼##..##
##@.## ##ZZ#
#Z.# #.RW.#


..WZZ.Z.Z ............# #.............# .............## .###........## You could
see the friendly Decima the hexer, a freezing wraith, a dire elephant
simulacrum, 2 spriggan defender simulacra, 2 minotaur simulacra and a deep troll
simulacrum.

Vanquished Creatures
  Jorgrun (D:14)
  2 boulder beetles (D:13)
  Erica (D:11)
  An anaconda (shapeshifter) (D:13)
  A two-headed ogre (D:12)
  A tengu warrior (D:13)
  A deep elf knight (D:13)
  Lodul (D:10)
  A skeletal warrior (D:13)
  The ghost of hgbash the Cleaver, a novice MiFi (D:6)
  An orc knight (Bailey)
  5 deep elf pyromancers
  A cyclops (D:10)
  An ugly thing (D:12)
  An ice statue (D:14)
  2 kobold demonologists (D:13)
  4 gargoyles
  A centaur skeleton (D:13)
  An efreet (D:14)
  A hornet (D:8)
  5 trolls
  A wind drake (shapeshifter) (D:14)
  4 slime creatures (D:13)
  A vampire (D:12)
  Sigmund (D:4)
  A wyvern (D:10)
  A dire elephant simulacrum (IceCv)
  11 yaks
  A wraith (D:12)
  A fire bat (shapeshifter) (D:14)
  3 steam dragons
  Grum (D:8)
  11 vampire mosquitoes
  Edmund (D:4)
  An acid dragon (D:9)
  A water moccasin (D:7)
  2 ice beasts (D:6)
  Pargi (D:4)
  4 orc warriors
  2 black bears (D:8)
  2 alligator simulacra (IceCv)
  3 wolves (D:8)
  7 ogres
  7 centaurs
  3 kobold brigands
  2 gnoll sergeants
  3 bullfrogs
  A scorpion (D:6)
  A hexer (D:13)
  14 wights
  5 killer bees (D:10)
  A lindwurm simulacrum (IceCv)
  3 howler monkeys
  4 jellies
  3 orc priests
  3 hounds
  An iguana (D:4)
  A sleepcap (D:6)
  Natasha (thrice) (D:2)
  9 orc wizards
  A boggart skeleton (D:13)
  2 killer bee simulacra (D:6)
  Robin (D:2)
  33 gnolls
  11 adders
  A howler monkey simulacrum (D:6)
  A worm (D:2)
  A dart slug (D:1)
  37 orcs
  3 ball pythons
  5 endoplasms
  4 giant cockroaches
  13 hobgoblins
  9 jackals
  6 quokkas
  2 bats
  A frilled lizard (D:1)
  13 goblins
  4 kobolds
  5 rats
312 creatures vanquished.

Vanquished Creatures (collateral kills)
  A two-headed ogre (D:9)
  A centaur warrior (D:13)
  An orc knight (D:13)
  A wizard (D:14)
  A deep elf zephyrmancer (D:13)
  3 ugly things (D:14)
  A cyclops (D:11)
  An ice statue (D:14)
  2 centaur skeletons (D:13)
  2 tengu conjurers (D:13)
  A slime creature (D:13)
  A yak (D:11)
  A steam dragon (D:8)
  A wraith (D:10)
  2 vampire mosquitoes (D:13)
  3 ogres (D:10)
  A kobold brigand (D:13)
  A gnoll sergeant (D:10)
  3 wights
  A hornet simulacrum (D:14)
  A killer bee (D:10)
  4 orc wizards
  A gnoll (Bailey)
  2 white imps (D:6)
  4 orcs
  A kobold (D:9)
42 creatures vanquished.

Vanquished Creatures (others)
  8 hexers
  3 ancestors
  An orc (D:8)
  3 fungi (D:2)
  2 withered plants (D:13)
17 creatures vanquished.

Grand Total: 371 creatures vanquished

Notes
Turn   | Place    | Note
-------+----------+-------------------------------------------
     0 | D:1      | Demosthentine the Demonspawn Gladiator began the quest for
                  | the Orb.
     0 | D:1      | Reached XP level 1. HP: 16/16 MP: 1/1
   207 | D:1      | Gained mutation: You have a pair of small horns on your
                  | head. [demonic ancestry]
   207 | D:1      | Reached XP level 2. HP: 22/22 MP: 2/2
   605 | D:2      | Reached skill level 1 in Armour
   610 | D:2      | Gained mutation: You are partially covered in sharp spines.
                  | [demonic ancestry]
   610 | D:2      | Reached XP level 3. HP: 28/28 MP: 3/3
   702 | D:2      | Found Quosysh's Distillery.
   716 | D:2      | Got the Vellum of Variation
   890 | D:2      | Noticed Natasha
   897 | D:2      | Killed Natasha
   898 | D:2      | Reached XP level 4. HP: 25/34 MP: 4/4
   977 | D:2      | Noticed Robin
  1006 | D:2      | Killed Robin
  1104 | D:2      | Noticed Natasha
  1111 | D:2      | Killed Natasha
  1179 | D:2      | Reached XP level 5. HP: 41/41 MP: 5/5
  1432 | D:2      | Noticed Natasha
  1435 | D:2      | Killed Natasha
  1436 | D:2      | Reached skill level 2 in Armour
  1659 | D:2      | Identified a scroll of acquirement
  1659 | D:2      | Acquired a manual of Armour
  1790 | D:3      | Found a faded altar of an unknown god.
  1974 | D:3      | Identified the +2 scale mail of Autumn {*Corrode rC+ Str+3
                  | Dex+4}
  2644 | D:2      | Bought a potion of curing for 39 gold pieces
  2644 | D:2      | Bought a potion of degeneration for 13 gold pieces
  2775 | D:4      | Reached XP level 6. HP: 47/47 MP: 6/6
  2919 | D:4      | Reached skill level 3 in Armour
  2976 | D:4      | Noticed Sigmund
  3127 | D:4      | Killed Sigmund
  3128 | D:4      | Reached XP level 7. HP: 54/54 MP: 7/7
  3137 | D:4      | Noticed Pargi
  3146 | D:4      | Killed Pargi
  3147 | D:4      | Reached skill level 4 in Armour
  3288 | D:4      | Found a staircase to the Ecumenical Temple.
  3295 | D:4      | Noticed Edmund
  3314 | D:4      | Killed Edmund
  3323 | Temple   | Entered the Ecumenical Temple
  3323 | Temple   | Found a transporter.
  3323 | Temple   | Found a transporter.
  3336 | Temple   | Found a transporter.
  3336 | Temple   | Found a transporter.
  3354 | Temple   | Became a worshipper of Hepliaklqana the Forgotten
  3465 | D:4      | Found a blossoming altar of Fedhas.
  3622 | D:5      | Entered Level 5 of the Dungeon
  3708 | D:5      | Reached skill level 5 in Armour
  3749 | D:5      | Reached skill level 5 in Polearms
  3796 | D:5      | Reached skill level 5 in Fighting
  3796 | D:5      | Reached skill level 5 in Dodging
  3796 | D:5      | Gained mutation: You are partially covered in yellow
                  | scales. (AC +2) [demonic ancestry]
  3796 | D:5      | Reached XP level 8. HP: 62/62 MP: 8/8
  3835 | D:5      | Identified the +3 dagger of Neurosis {pain, rN+ Str+3
                  | Stlth+}
  4108 | D:6      | Found Igra's Weapon Emporium.
  4154 | D:6      | Reached skill level 6 in Armour
  4177 | D:6      | Identified the +6 chain mail of the Alphagorgon {Will+}
  4203 | D:6      | Found a runed translucent gate.
  4204 | D:6      | Found a runed translucent gate.
  4205 | D:6      | Found a runed translucent gate.
  4257 | D:6      | Reached * piety under Hepliaklqana
  4301 | D:6      | Noticed hgbash's ghost (novice MiFi)
  4326 | D:6      | Found a sparkling altar of Nemelex Xobeh.
  4400 | D:6      | Reached skill level 7 in Armour
  4400 | D:6      | Gained mutation: You are mostly covered in sharp spines.
                  | [demonic ancestry]
  4400 | D:6      | Reached XP level 9. HP: 62/62 MP: 9/9
  4874 | D:6      | Killed hgbash's ghost
  4875 | D:6      | Reached skill level 8 in Armour
  5060 | D:7      | Found a shimmering blue altar of Sif Muna.
  5227 | D:7      | Reached ** piety under Hepliaklqana
  5228 | D:7      | Remembered your ancestor Decima as a hexer
  5330 | D:7      | You fall into a shaft and drop 3 floors!
  5330 | D:10     | Entered Level 10 of the Dungeon
  5353 | D:10     | Noticed a cyclops
  5364 | D:10     | Killed a cyclops
  5365 | D:10     | Reached skill level 9 in Armour
  5365 | D:10     | Gained mutation: You are mostly covered in yellow scales.
                  | (AC +3) [demonic ancestry]
  5365 | D:10     | Reached XP level 10. HP: 71/71 MP: 10/10
  5457 | D:10     | Noticed Lodul
  5458 | D:10     | Noticed a gargoyle
  5606 | D:9      | Found a flagged portal.
  5615 | Bailey   | Entered a bailey
  5731 | Bailey   | Noticed an orc knight
  5750 | Bailey   | Killed an orc knight
  5751 | Bailey   | Reached skill level 10 in Armour
  6028 | D:8      | Paralysed by a hornet for 3 turns
  6071 | D:8      | Noticed Grum
  6093 | D:8      | Killed Grum
  6427 | D:8      | Identified the +2 leather armour "Fyugeur" {Regen+ Str-3
                  | Int+3 Slay+4}
  6595 | D:8      | Found Leeduc's Weapon Shoppe.
  7021 | D:8      | Gained mutation: You have a pair of horns on your head.
                  | [demonic ancestry]
  7021 | D:8      | Reached XP level 11. HP: 78/78 MP: 11/11
  7111 | D:9      | Reached XP level 12. HP: 84/84 MP: 12/12
  7166 | D:9      | Noticed a two-headed ogre
  7175 | D:9      | Killed a two-headed ogre
  7233 | D:9      | Reached *** piety under Hepliaklqana
  7384 | D:9      | Found Nammip's Distillery.
  7616 | D:10     | Found a staircase to the Orcish Mines.
  7642 | D:10     | Reached skill level 11 in Armour
  7802 | D:10     | Found a radiant altar of Vehumet.
  7938 | D:10     | Killed Lodul
  8559 | D:11     | Reached **** piety under Hepliaklqana
  8639 | D:11     | Noticed Erica
  8651 | D:11     | Killed Erica
  8878 | D:11     | Found a staircase to the Lair.
  8998 | D:12     | Reached skill level 12 in Armour
  9114 | D:12     | Noticed a two-headed ogre
  9122 | D:12     | Killed a two-headed ogre
  9123 | D:12     | Reached skill level 10 in Fighting
  9340 | D:12     | HP: 1/87 [orc warrior/+2 halberd of holy wrath[an orc
                  | knight] (17)]
  9804 | D:13     | Reached XP level 13. HP: 38/93 MP: 13/13
  9895 | D:13     | Reached skill level 13 in Armour
  9914 | D:13     | Reached skill level 10 in Polearms
  9916 | D:13     | Reached skill level 10 in Dodging
  9962 | D:13     | Found a gate to the Vaults.
 10013 | D:13     | Reached skill level 1 in Invocations
 10078 | D:13     | Found an ancient bone altar of Kikubaaqudgha.
 10485 | D:14     | Noticed Jorgrun
 10494 | D:14     | Killed Jorgrun
 10723 | D:14     | Found a frozen archway.
 10771 | D:14     | Reached skill level 5 in Invocations
 10842 | IceCv    | Entered an ice cave
 10881 | IceCv    | Slain by a spriggan defender simulacrum

Illustrated notes

Levels and vault maps discovered:
D:1:      minmay_arrival_solitary_statue, layout_rooms
D:2:      layout_loops_ring, serial_shops, shop, nrook_campfire,
          minmay_door_square, wad_woods_river_04, dreamdust_mushroom_princess,
          moated_statue, uniq_robin, uniq_natasha
D:3:      layout_basic, shapermc_ecumenical_altar_venn,
          chequers_serial_rivers_large_b
D:4:      layout_cave_pools, fedhas_altar_4, minmay_temple_entry_butterflies,
          kennysheep_generic_room_11, uniq_sigmund, uniq_pargi, uniq_edmund
D:5:      layout_rooms
D:6:      layout_loops_ring, nicolae_overflow_two_pavilions, serial_shops,
          nicolae_shop_rolling_square, gammafunk_ghost_icy
D:7:      layout_cave_pools, nicolae_sif_muna_little_library
D:8:      layout_loops_corners, serial_shops, nicolae_diamond_shop, uniq_grum
D:9:      layout_loops_ring, serial_shops, nicolae_square_shop, enter_bailey_8
D:10:     layout_basic, nicolae_vehumet_altar_sigil,
          minmay_orc_entry_temple_small, minmay_misc_feat_chi, st_stairs_14,
          uniq_lodul
D:11:     layout_long_grid, lair_entry_dummy, uniq_erica
D:12:     layout_loops_ring
D:13:     layout_rooms, hangedman_vaults_entry_quadrant_bands,
          kiku_gazebo_garden_becter
D:14:     minmay_triangles_in_corner, layout_loops_corners,
          portal_ice_cave_entry_ice_statue_two, chequers_serial_rivers_room_b,
          uniq_jorgrun
Temple:   hellmonk_temple_divided_pantheon
IceCv:    ice_cave_small_necro

Skill      XL: |  1  2  3  4  5  6  7  8  9 10 11 12 13 |
---------------+----------------------------------------+-----
Dodging        | 3 4 5 6 7 8 9 10 | 10.6
Polearms       | 3 4 5 6 7 8 9 10 | 10.6
Armour         | 1 2 3 5 7 9 10 12 13 | 13.0
Fighting       | 3 4 5 6 7 8 10 11 | 11.4
Shields        | 7 |  7.7
Invocations    | 5 |  5.2
Throwing       | |  1.7

Action                     |  1- 3 |  4- 6 |  7- 9 | 10-12 | 13-15 || total
---------------------------+-------+-------+-------+-------+-------++-------
  Melee: Trident           |    85 |   112 |   283 |   506 |   247 ||  1233
         Headbutt          |     7 |    12 |    49 |    75 |    83 ||   226
         Punch             |       |     1 |     5 |     1 |       ||     7
  Throw: Throwing net      |       |       |     2 |     2 |     5 ||     9
 Invoke: Recall Ancestor   |       |       |     1 |     2 |       ||     3
         Ancestor Life: He |       |       |     1 |       |       ||     1
    Use: Scroll            |     3 |     6 |     7 |    16 |       ||    32
         Potion            |       |     2 |     2 |     4 |     1 ||     9
   Stab: Sleeping          |     2 |     1 |     1 |     6 |       ||    10
         Held in net/web   |       |       |     3 |     2 |     4 ||     9
         Distracted        |       |       |     2 |     5 |     5 ||    12
         Confused          |       |       |       |     5 |     1 ||     6
 Armour: Leather armour    |    14 |    18 |     2 |       |       ||    34
         Troll leather arm |       |       |    49 |    99 |    69 ||   217
  Dodge: Dodged            |    40 |    45 |   153 |   271 |   138 ||   647
  Block: Buckler           |       |       |       |    55 |    54 ||   109

Table legend: (Time is in decaauts)
 A = Elapsed time spent in this place.
 B = Non-inter-level travel time spent in this place.
 C = Inter-level travel time spent in this place.
 D = Time resting spent in this place.
 E = Time spent auto-exploring this place.
 F = Levels seen in this place.
 G = Mean time per level.
                   A        B        C        D        E       F      G
               +--------+--------+--------+--------+--------+-----+--------+
         Total |  10900 |  10358 |    542 |    107 |   7486 |  17 |  641.2 |
       Dungeon |  10532 |   9990 |    542 |    107 |   7282 |  14 |  752.3 |
        Temple |     47 |     47 |      0 |      0 |     16 |   1 |   47.0 |
        Bailey |    284 |    284 |      0 |      0 |    183 |   1 |  284.0 |
      Ice Cave |     35 |     35 |      0 |      0 |      5 |   1 |   35.0 |
               +--------+--------+--------+--------+--------+-----+--------+

Top non-repeatable levels by time:
     D:2: 1244 daAuts
     D:3: 1026 daAuts
     D:8: 987 daAuts
    D:10: 890 daAuts
     D:6: 870 daAuts
     D:4: 836 daAuts
    D:13: 776 daAuts
    D:12: 695 daAuts
     D:9: 662 daAuts
    D:11: 636 daAuts
     D:1: 551 daAuts
     D:7: 519 daAuts
     D:5: 454 daAuts
    D:14: 382 daAuts
  Bailey: 284 daAuts
